 Dungeon Crawl Stone Soup version 0.28-a0-983-g1de4e0787c (webtiles) character file.

Game seed: 5170665553823441332

52 Twinkles the Conjurer (level 3, -3/28 HPs)
             Began as a Demigod Conjurer on Dec 3, 2021.
             Slain by a scorpion (8 damage)
             ... on level 2 of the Dungeon.
             The game lasted 00:05:26 (1935 turns).

Twinkles the Conjurer (Demigod Conjurer)            Turns: 1935, Time: 00:05:26

Health: -3/28      AC:  2    Str:  8    XL:     3   Next: 39%
Magic:  0/9        EV: 12    Int: 24    God:
Gold:   37         SH:  0    Dex: 12    Spells: 3/6 levels left

rFire   . . .      SeeInvis .   e - +0 whip
rCold   . . .      Faith    .   (no shield)
rNeg    . . .      Spirit   .   a - +0 robe
rPois   .          Reflect  .   (no helmet)
rElec   .          Harm     .   (no cloak)
rCorr   .          Rampage  .   (no gloves)
Will    .....                   (no boots)
Stlth   ++........              (no amulet)
HPRegen 0.09/turn               (no ring)
MPRegen 0.11/turn               (no ring)

@: lethally poisoned (-3 -> -5), very slightly contaminated
A: high mp 1, forlorn, divine attributes
a: no special abilities


You were on level 2 of the Dungeon.
You visited 1 branch of the dungeon, and saw 2 of its levels.

You collected 37 gold pieces.

Inventory:

Hand Weapons
 e - a +0 whip (weapon)
Missiles
 s - 10 stones
Armour
 a - a +0 robe (worn)
Scrolls
 f - a scroll of enchant weapon {unknown}
 g - a scroll of teleportation {unknown}
 h - a scroll of fog {unknown}
Potions
 b - a potion of magic {unknown}
 c - a potion of flight {unknown}
 d - a potion of curing {unknown}
 i - a potion of lignification {unknown}


   Skills:
 + Level 1.3 Fighting
 + Level 2.3 Dodging
 - Level 1.7 Stealth
 + Level 2.2 Spellcasting
 + Level 4.0 Conjurations


You had 3 spell levels left.
You knew the following spells:

 Your Spells              Type           Power      Damage    Failure   Level
a - Magic Dart            Conj           84%        1d7       2%          1
b - Searing Ray           Conj           42%        2d6       3%          2

Your spell library contained the following spells:

 Spells                   Type           Power      Damage    Failure   Level
 Dazzling Flash           Conj/Hex       24%        N/A       16%         3
 Vampiric Draining        Necr           2%         2d6       34%         3
 Fulminant Prism          Conj/Hex       6%         3d7       45%         4
 Iskenderun's Mystic Bla  Conj/Tloc      12%        2d5       45%         4
 Death's Door             Necr           1%         N/A       100%        9


Dungeon Overview and Level Annotations

Branches:
Dungeon (2/15)


Innate Abilities, Weirdness & Mutations

You have an increased reservoir of magic. (+10% MP)
You shall have no god before yourself.
Your divine heritage dramatically boosts your attributes as you level up.


Message History

Press: ? - help, v - describe, . - travel
Here: a scorpion The floor.
A scorpion is nearby!
Aiming: Searing Ray (safe; 3% risk of failure)
Press: ? - help, Q - select action, (/) - cycle Shift-Dir - straight line, f/p - scorpion
Aim: a scorpion (78% to hit)
You miscast Searing Ray.
You are very lightly contaminated with residual magic.
Nothing appears to happen.
The scorpion closely misses you.
Aiming: Searing Ray (safe; 3% risk of failure)
Press: ? - help, Q - select action, (/) - cycle Shift-Dir - straight line, f/p - scorpion
Aim: a scorpion (78% to hit)
The searing ray hits the scorpion.
The scorpion is lightly wounded. (Press . to maintain the ray.)
The scorpion stings you!
The searing ray misses the scorpion.
The scorpion stings you. x2
You are poisoned.
The scorpion poisons you!
The searing ray hits the scorpion.
The scorpion is heavily wounded.
You feel sick.
The scorpion stings you but does no damage.
The searing ray hits the scorpion.
The scorpion is heavily wounded.
You finish channelling your searing ray.
You feel sick. The scorpion closely misses you.
Aiming: Searing Ray (safe; 3% risk of failure)
Press: ? - help, Q - select action, (/) - cycle Shift-Dir - straight line, f/p - scorpion
Aim: a scorpion (heavily wounded, 78% to hit)
The searing ray hits the scorpion.
The scorpion is severely wounded. (Press . to maintain the ray.)
You feel sick. The scorpion stings you.
* * * LOW HITPOINT WARNING * * *
Without enough magic to sustain it, your searing ray dissipates.
You feel sick. The scorpion stings you!
You die...

........... ...........
..#..#..#.######..#....
..................... ..
#.....#.#.##.#..#.##. ..
...#.##..............
.#.#..#....#.......#..#.
..#..#.##..............
#...#.#..#s##...##.#.......
... .....#@##.###........#.
#.. #.#..#.##.# ##.#.....#.
... #.#..#.##.# #.#.....##
#.# #.#..#.##.# #.......
#.###.......#.# ##.#...#.##
#.#.........#.# ..†....#.#
#######.#.###..#..#.#
##.#.....#
.)..................#
#.#####.#
###.#####.........######.#
#.#


You could see a scorpion.

Vanquished Creatures
  A gnoll (D:1)
  A dart slug (D:1)
  7 endoplasms
  2 giant cockroaches
  4 goblins
  4 hobgoblins
  3 kobolds (D:1)
  4 ball pythons (D:1)
  4 bats
  2 frilled lizards
  2 rats
34 creatures vanquished.

Notes
Turn   | Place    | Note
-------+----------+-------------------------------------------
     0 | D:1      | Twinkles the Demigod Conjurer began the quest for the Orb.
     0 | D:1      | Reached XP level 1. HP: 14/14 MP: 5/5
   297 | D:1      | Reached XP level 2. HP: 14/22 MP: 1/7
   300 | D:1      | Learned a level 2 spell: Searing Ray
   553 | D:1      | Reached skill level 1 in Fighting
   705 | D:1      | Got the Guide on Necromancy
   857 | D:1      | Reached XP level 3. HP: 28/28 MP: 6/8
  1824 | D:2      | Reached skill level 4 in Conjurations
  1924 | D:2      | Noticed a scorpion
  1934 | D:2      | HP: 8/28 [poisoned by a scorpion]
  1935 | D:2      | Slain by a scorpion

Illustrated notes

Levels and vault maps discovered:
D:1:      kilobyte_arrival_exit_the_forest, layout_loops_ring,
          dreamdust_ecumenical_altar_angels_and_demons
D:2:      layout_basic

Skill      XL: |  1  2  3 |
---------------+----------+-----
Dodging        | 2 |  2.3
Spellcasting   | 2 |  2.2
Fighting       | 1 |  1.3
Conjurations   | 4 |  4.0
Stealth        | |  1.7

Action                   || total
-------------------------++-------
Melee: Unarmed           ||     3
 Cast: Magic Dart        ||    72
       Searing Ray       ||     2
Armor: Robe              ||     2
Dodge: Dodged            ||     9

Table legend: (Time is in decaauts)
 A = Elapsed time spent in this place.
 B = Non-inter-level travel time spent in this place.
 C = Inter-level travel time spent in this place.
 D = Time resting spent in this place.
 E = Time spent auto-exploring this place.
 F = Levels seen in this place.
 G = Mean time per level.
                   A        B        C        D        E       F      G
               +--------+--------+--------+--------+--------+-----+--------+
         Total |   1938 |   1795 |    143 |     92 |   1513 |   2 |  969.0 |
       Dungeon |   1938 |   1795 |    143 |     92 |   1513 |   2 |  969.0 |
               +--------+--------+--------+--------+--------+-----+--------+

Top non-repeatable levels by time:
     D:1: 1465 daAuts
     D:2: 473 daAuts
